woodfighter, neutral female human Wizard -------------- |*).%........| #-............| ############################|.>[.........| -------- #------------- |..).........| |..<...-######------- #|*.........*| +............| |......| #|......#####|.....*.....| ------|------- |......| #....*%| |...-----...| # |......|######|......#####|...|.{.|.[.| ### -------- #|.....| #...*|{.{|*..| # #------- |...|.{.|...| ### #########%###|...--.--...| # #|.....*....%)## #####f@i############## #|*........%*|# # ---.--------.--- #-------------# ####+..............| ##########################|..............| ##-[...[.........| ---------------- woodfighter the Thaumaturge Experience level: 8 Strength: 10 Dexterity: 8 Constitution: 15 Intelligence: 19 Wisdom: 19 Charisma: 7 Health: 0(47) Energy: 91(95) Def: 5 Gold: 1420 Moves: 4169 Dungeon seed: giHfVcVv26kHCCnM Game ID: woodfighter_1455500108 Your Inventory: Coins $ - 1420 gold pieces Weapons a - a blessed +1 quarterstaff (weapon in hands) F - 8 +0 crossbow bolts Armor e - an uncursed +0 cloak of magic resistance (being worn) y - an uncursed +0 pair of gauntlets of dexterity (being worn) z - an uncursed +0 pair of leather gloves N - an uncursed +0 studded leather armor (being worn) Comestibles O - an uncursed food ration P - an uncursed lizard corpse Scrolls h - an uncursed scroll of scare monster n - 4 uncursed scrolls of scare monster t - 2 uncursed scrolls of identify B - an uncursed scroll of stinking cloud C - a blessed scroll of earth J - 2 uncursed scrolls of create monster Spellbooks b - a blessed spellbook of force bolt c - an uncursed spellbook of cure sickness p - an uncursed spellbook of charm monster q - an uncursed spellbook of knock x - an uncursed spellbook of detect unseen Q - an uncursed spellbook of levitation Potions g - an uncursed potion of paralysis k - an uncursed potion of gain energy l - an uncursed potion of fruit juice m - an uncursed potion of sickness w - an uncursed potion of levitation I - an uncursed potion of confusion K - an uncursed potion of blindness L - an uncursed potion of extra healing M - a cursed potion of hallucination Rings r - an uncursed ring of warning u - an uncursed ring of searching Wands d - a wand of nothing (0:5) f - a wand of secret door detection (0:13) o - a wand of light (0:15) Tools s - an uncursed brass lantern (0:1164) v - a can of grease (0:6) H - 2 cursed wax candles (0:400) Spells and supernatural/magical abilities: Name Level Category Fail Memory a - force bolt 1 attack 0% 80% K - cure sickness 3 healing 71% 80% W - pray for help -- divine ? -- Your skills at the end: Miscellaneous Skills wands [Basic] Weapon Skills quarterstaff [Basic] Spellcasting Skills attack spells [Basic] enchantment spells [Basic] Final Attributes: You were devoutly aligned. You were magic-protected. You were telepathic. You are dead. Vanquished creatures: a leprechaun 2 lizards an orc-captain a forest centaur 2 chickatrices a fire ant 17 Mordor orcs 4 Uruk-hai a rock mole a rock piercer a yellow light a shrieker a gray ooze 2 ghouls a floating eye a homunculus 3 iguanas 10 rothes a giant bat 4 orc zombies 3 werejackals 6 killer bees a gas spore a hobbit a large kobold 3 geckos 3 giant rats 2 cave spiders a yellow mold 3 green molds 2 gnomes 2 garter snakes 8 jackals 3 foxes a kobold 8 newts 5 grid bugs 6 lichens a kobold zombie 116 creatures vanquished. Voluntary challenges: You did not adorn yourself with jewelry or accessories. You had been an atheist until turn 3882. You used a wielded weapon 46 times, starting on turn 2. You did not use tools. You read items or engraved 1 time, starting on turn 3072. You never genocided any monsters. You never polymorphed an object. You never changed form. You used no wishes. You never split a pudding. You never wrote Elbereth's name. You violated your moral code, losing 1 point of alignment, starting on turn 2516. Dungeon overview: The Dungeons of Doom: levels 1 to 10 Level 1 (vault) a fountain a long staircase Level 2 a fountain Level 3 Level 4 a wand shop stairs to The Gnomish Mines Level 5 (locked box + bault) some fountains Level 6 a fountain, a sink Level 7 Level 8 Level 9 <- You were here many fountains Level 10 The Gnomish Mines: Level 5 stairs to The Dungeons of Doom History has recorded: On T:1 you entered the Dungeons of Doom to retrieve the Amulet of Yendor! On T:353 you reached level 2 of The Dungeons of Doom. On T:375 you reached level 3 of The Dungeons of Doom. On T:753 you advanced to experience level 2. On T:1114 you reached level 4 of The Dungeons of Doom. On T:1285 you advanced to experience level 3. On T:1326 you reached level 5 of The Dungeons of Doom. On T:1600 you reached level 1 of The Gnomish Mines. On T:1679 you advanced to experience level 4. On T:1777 you reached level 6 of The Dungeons of Doom. On T:2329 you reached level 7 of The Dungeons of Doom. On T:2529 you advanced to experience level 5. On T:2742 you reached level 8 of The Dungeons of Doom. On T:3388 you advanced to experience level 6. On T:3537 you reached level 9 of The Dungeons of Doom. On T:3572 you advanced to experience level 7. On T:3702 you reached level 10 of The Dungeons of Doom. On T:4002 you advanced to experience level 8. Score breakdown: Gold: 1420 ( 142 points) Experience: 8 levels ( 700 points) Exploration: 10 levels ( 270 points) Discoveries: 3 items ( 150 points) Variety of kills: 39 monsters ( 1950 points) Major goal: (nothing yet) ( 0 points) Survival: died (score multiplied by 3) Total score: 9636 Latest messages: The quasit bites! The curved sword welds itself to the forest centaur's hand! Kitty bites the orc zombie. The orc zombie misses kitty. The forest centaur tries to wield a curved sword. The forest centaur's curved sword is welded to her hand! The forest centaur kicks! You hit the quasit. The quasit claws you! (2x) The quasit bites! The quasit claws you! You die... Final status: Goodbye woodfighter the Wizard, killed by a quasit... You died in The Dungeons of Doom on dungeon level 9 with 9636 points, and 1420 pieces of gold, after 4169 moves. You were level 8 with a maximum of 47 hit points when you died.